 Dungeon Crawl Stone Soup version 0.28.0-49-g6dfe1f597d (webtiles) character file.

Game seed: 12460325892581743429

191 Zeld the Chiller (level 5, 0/41 HPs)
             Began as a Ghoul Ice Elementalist on May 17, 2022.
             Slain by a centaur skeleton (2 damage)
             ... on level 4 of the Dungeon.
             The game lasted 00:04:46 (3571 turns).

Zeld the Chiller (Ghoul Ice Elementalist)           Turns: 3571, Time: 00:04:46

Health: 0/41       AC:  3    Str: 12    XL:     5   Next: 70%
Magic:  3/8        EV: 12    Int: 12    God:
Gold:   74         SH:  0    Dex:  9    Spells: 2/9 levels left

rFire   . . .      SeeInvis .   (no weapon)
rCold   + . .      Faith    .   (no shield)
rNeg    + + +      Spirit   .   a - +0 robe
rPois   ∞          Reflect  .   (no helmet)
rElec   .          Harm     .   f - +0 cloak
rCorr   .          Rampage  .   (no gloves)
Will    .....                   (no boots)
Stlth   ++........              (no amulet)
HPRegen 0.00/turn               d - ring of wizardry
MPRegen 0.11/turn               (no ring)

@: inhibited regen
A: claws 1, cold resistance 1, negative energy resistance 3, inhibited
regeneration, torment resistance 2
a: no special abilities


You were on level 4 of the Dungeon.
You visited 1 branch of the dungeon, and saw 5 of its levels.

You collected 74 gold pieces.

Inventory:

Armour
 a - a +0 robe (worn)
 f - a +0 cloak (worn)
Jewellery
 d - a ring of wizardry (left claw)
 q - an amulet of magic regeneration
Wands
 k - a wand of iceblast (10)
 l - a wand of paralysis (4)
 m - a wand of polymorph (10)
 n - a wand of flame (14)
Scrolls
 b - 3 scrolls of teleportation {unknown}
 e - a scroll of magic mapping {unknown}
 g - 2 scrolls of identify {unknown}
 i - a scroll of noise {unknown}
 p - a scroll of fear {unknown}
Potions
 c - a potion of berserk rage {unknown}
 h - 2 potions of might {unknown}
 j - a potion of curing
 o - a potion of mutation {unknown}


   Skills:
 - Level 2.0 Fighting
 + Level 2.4 Dodging
 + Level 3.3 Stealth
 * Level 2.8 Spellcasting
 * Level 5.4 Ice Magic


You had 2 spell levels left.
You knew the following spells:

 Your Spells              Type           Power      Damage    Failure   Level
a - Freeze                Ice            56%        1d7       1%          1
b - Frozen Ramparts       Ice            28%        1d4       3%          3
c - Ozocubu's Armour      Ice            14%        N/A       3%          3

Your spell library contained the following spells:

 Spells                   Type           Power      Damage    Failure   Level
 Gell's Gravitas          Tloc           1%         N/A       28%         3
 Lesser Beckoning         Tloc           1%         N/A       28%         3
 Teleport Other           Tloc           1%         N/A       28%         3
 Hailstorm                Conj/Ice       8%         3d4       32%         4


Dungeon Overview and Level Annotations

Branches:
Dungeon (5/15)
 Temple: D:4-7

Altars:


Innate Abilities, Weirdness & Mutations

You thrive by killing the living.
You are immune to poison.
You have sharp fingernails.
Your flesh is cold resistant. (rC+)
You are immune to negative energy. (rN+++)
You do not regenerate when monsters are visible.
You are immune to unholy pain and torment.


Message History

You are too injured to fight recklessly!
You scratch the centaur skeleton.
The centaur skeleton is moderately damaged.
The frozen ramparts melt away.
The centaur skeleton misses you.
The centaur skeleton closely misses you.
The centaur skeleton hits you. The centaur skeleton barely misses you.
You are too injured to fight recklessly!
You are too injured to fight recklessly!
You are too injured to fight recklessly!
There is a stone staircase leading down here.
The centaur skeleton closely misses you.
The centaur skeleton barely misses you.
You climb downwards.
Found 11 gold pieces.
There is a stone staircase leading up here.
There are monsters nearby!
There are monsters nearby!
The orc hits you with a +0 club.
* * * LOW HITPOINT WARNING * * *
You climb upwards.
The centaur skeleton closely misses you.
The centaur skeleton barely misses you. The centaur skeleton hits you.
* * * LOW HITPOINT WARNING * * *
The centaur skeleton kicks you but does no damage.
There is a stone staircase leading down here.
The centaur skeleton hits you but does no damage.
The centaur skeleton closely misses you.
The centaur skeleton hits you.
* * * LOW HITPOINT WARNING * * *
The centaur skeleton kicks you but does no damage.
The centaur skeleton barely misses you. The centaur skeleton misses you.
The centaur skeleton hits you.
* * * LOW HITPOINT WARNING * * *
The centaur skeleton closely misses you.
The centaur skeleton hits you but does no damage.
The centaur skeleton kicks you.
* * * LOW HITPOINT WARNING * * *
There is a stone staircase leading down here.
The centaur skeleton hits you.
You die...

..###..........##..###
#........####....#
#.........# ##..##
....#.#.##.########
....#######..#.###.#
.....####.........#.#######
.....................#....#
...#...................
...#..@Z.............>.
............#[.....†###.
.......†..###...........
...........###..........
..##.......##......[.... .
#.........#..........
#..#..................
...##.................. ...
#..................


You could see a centaur skeleton.

Vanquished Creatures
  2 hounds (D:4)
  Ijyb (D:3)
  An iguana (D:4)
  2 adders (D:2)
  An adder skeleton (D:4)
  A dart slug (D:1)
  7 orcs
  5 bats (D:3)
  3 endoplasms
  3 giant cockroaches
  4 goblins
  7 hobgoblins
  A quokka (D:3)
  4 ball pythons
  6 frilled lizards
  3 kobolds
  5 rats
56 creatures vanquished.

Notes
Turn   | Place    | Note
-------+----------+-------------------------------------------
     0 | D:1      | Zeld the Ghoul Ice Elementalist began the quest for the
                  | Orb.
     0 | D:1      | Reached XP level 1. HP: 14/14 MP: 2/2
   585 | D:1      | Reached XP level 2. HP: 16/22 MP: 0/3
   915 | D:1      | Reached skill level 1 in Fighting
  1127 | D:1      | Reached XP level 3. HP: 23/28 MP: 0/5
  1131 | D:1      | Learned a level 3 spell: Frozen Ramparts
  1934 | D:2      | Found a faded altar of an unknown god.
  2349 | D:3      | Reached XP level 4. HP: 35/35 MP: 2/6
  2445 | D:3      | Noticed Ijyb
  2459 | D:3      | Killed Ijyb
  2460 | D:3      | Reached skill level 5 in Ice Magic
  2642 | D:3      | Learned a level 3 spell: Ozocubu's Armour
  3223 | D:4      | Reached XP level 5. HP: 25/41 MP: 1/7
  3553 | D:5      | Entered Level 5 of the Dungeon
  3570 | D:4      | HP: 2/41 [centaur skeleton (1)]
  3571 | D:4      | Slain by a centaur skeleton

Illustrated notes

Levels and vault maps discovered:
D:1:      saegor_arrival_simple_d, layout_loops_cross
D:2:      layout_loops_cross, hellmonk_ecumenical_altar_blasted,
          nicolae_underground_beach
D:3:      layout_loops_ring, uniq_ijyb
D:4:      layout_cave_pools
D:5:      layout_cave_pools, kiku_gazebo_garden_becter, temple_pool_b,
          serial_rivers, chequers_serial_rivers_small_b,
          chequers_serial_rivers_micro_d, chequers_serial_rivers_large_a,
          chequers_serial_rivers_micro_d, chequers_serial_rivers_small_a

Skill      XL: |  1  2  3  4 |
---------------+-------------+-----
Spellcasting   | 2 |  2.8
Fighting       | 1 2 |  2.0
Dodging        | 2 |  2.4
Ice Magic      | 5 |  5.4
Stealth        | 3 |  3.3

Action                   |  1- 3 |  4- 6 || total
-------------------------+-------+-------++-------
Melee: Unarmed           |    30 |    40 ||    70
 Cast: Freeze            |    48 |    30 ||    78
       Frozen Ramparts   |     1 |     4 ||     5
 Stab: Sleeping          |     1 |       ||     1
Armor: Robe              |     4 |    24 ||    28
Dodge: Dodged            |    48 |    52 ||   100
